AoeStats
← BomberC4

Hill Fort

504800399Analyzed
2v2 RM · 27d ago on Sep 6, 2026· 69m 18s· 4 players
Game mode
Random Map
Map size
Medium (4 player)
Population
200
Speed
Normal
Resources
Standard
Victory
Conquest
Starting age
Dark Age
Ending age
Imperial Age
RankedLock teamsTeams togetherTeam positionsShared explorationLock speedFull tech treeHidden civsTurbo modeCheats
Victory
Defeat
🇨🇱 Tatars · Chile
1331
+18
🇨🇱 Magyars · Chile
1329
+18
🇹🇷 Spanish · Türkiye
1397
-19
🇬🇧 Malians · United Kingdom
1342
-17
Darkoz de Aggressor
6:52 Loom
9:39 Feudal Age
10:45 Double-Bit Axe
12:40 Horse Collar
20:48 Wheelbarrow
20:22 Stone Mining
24:38 Castle Age
24:20 Fletching
25:04 Padded Archer Armor
27:14 Bow Saw
27:12 Bodkin Arrow
27:46 Elite Skirmisher
28:51 Heavy Plow
34:06 Bloodlines
34:50 Ballistics
36:28 Hand Cart
36:44 Leather Archer Armor
37:23 Corvinian Army
39:12 Husbandry
39:49 Thumb Ring
42:27 Imperial Age
41:48 Thumb Ring
46:16 Scale Barding Armor
46:03 Cavalier
46:52 Scale Mail Armor
48:39 Chain Barding Armor
48:53 Conscription
48:04 Elite Magyar Huszar
51:35 Hoardings
55:26 Paladin
56:44 Plate Barding Armor
56:25 Chain Mail Armor
56:11 Bracer
56:42 Ring Archer Armor
59:23 Recurve Bow
Kalkin
11:13 Feudal Age
11:57 Loom
12:07 Loom
15:56 Castle Age
14:16 Double-Bit Axe
18:53 Fletching
22:18 Bodkin Arrow
26:26 Gold Mining
26:51 Bow Saw
28:11 Horse Collar
28:25 Gold Mining
30:05 Heavy Plow
30:43 Gold Shaft Mining
34:55 Wheelbarrow
34:06 Town Watch
39:24 Imperial Age
39:36 Ballistics
40:03 Hand Cart
44:30 Bracer
45:06 Crop Rotation
46:07 Chemistry
45:44 Padded Archer Armor
48:54 Leather Archer Armor
49:12 Bloodlines
49:13 Husbandry
48:35 Light Cavalry
50:06 Ring Archer Armor
49:49 Heavy Cavalry Archer
52:36 Scale Barding Armor
56:06 Chain Barding Armor
55:56 Forging
59:43 Iron Casting
59:44 Plate Barding Armor
58:36 Hussar
63:02 Blast Furnace
63:53 Capped Ram
65:50 Siege Ram
Brooks
7:10 Loom
9:52 Feudal Age
10:09 Man-at-Arms
11:02 Arson
17:23 Forging
18:32 Scale Mail Armor
24:58 Castle Age
23:37 Double-Bit Axe
23:58 Horse Collar
25:55 Bow Saw
25:12 Long Swordsman
26:13 Squires
30:30 Heavy Plow
30:31 Town Watch
34:05 Redemption
34:14 Chain Mail Armor
34:33 Gold Mining
35:43 Fletching
36:57 Wheelbarrow
37:25 Bodkin Arrow
43:49 Imperial Age
40:44 Elite Skirmisher
42:04 Padded Archer Armor
43:12 Ballistics
45:55 Chemistry
45:14 Leather Archer Armor
45:30 Conscription
45:11 Treadmill Crane
46:33 Farimba
46:30 Light Cavalry
47:21 Bloodlines
47:11 Husbandry
47:44 Scale Barding Armor
48:17 Hand Cart
47:36 Heavy Camel Rider
48:54 Atonement
49:19 Chain Barding Armor
49:34 Iron Casting
49:42 Tigui
51:22 Plate Barding Armor
53:42 Masonry
55:31 Hoardings
57:15 Crop Rotation
BomberC4
10:50 Feudal Age
11:21 Double-Bit Axe
14:11 Wheelbarrow
13:31 Loom
17:14 Castle Age
31:10 Fletching
31:48 Redemption
35:30 Horse Collar
37:28 Bow Saw
40:50 Imperial Age
39:15 Bodkin Arrow
39:20 Padded Archer Armor
39:59 Elite Skirmisher
42:46 Hand Cart
43:59 Town Watch
46:35 Pikeman
47:15 Squires
48:11 Halberdier
48:53 Scale Mail Armor
49:04 Forging
50:46 Chain Mail Armor
50:46 Arson
51:30 Town Patrol
52:10 Plate Mail Armor
54:10 Chemistry
56:36 Iron Casting
56:08 Scale Barding Armor
56:06 Gambesons
56:29 Cavalier
57:10 Husbandry
57:20 Bloodlines
58:26 Chain Barding Armor
58:48 Paladin
59:39 Gold Mining
61:08 Chain Barding Armor
62:57 Blast Furnace
Connection lost

Rejoining the realm…

Still unreachable

The connection could not be restored.

Session expired

The server has moved on; the page needs a fresh start.